 Dungeon Crawl Stone Soup version 0.29-a0-360-g8ed1089bbe (webtiles) character file.

Game seed: 9291982634108240437

153 ytrimaz the Covered (level 5, -3/42 HPs)
             Began as a Formicid Fighter on Apr 28, 2022.
             Succumbed to a water moccasin's poison
             ... in a sewer.
             The game lasted 00:06:36 (2529 turns).

ytrimaz the Covered (Formicid Fighter)              Turns: 2529, Time: 00:06:36

Health: -3/42      AC:  8    Str: 22    XL:     5   Next: 61%
Magic:  5/5        EV:  9    Int:  8    God:
Gold:   83         SH:  4    Dex: 10    Spells: 4/4 levels left

rFire   . . .      SeeInvis +   a - +0 war axe
rCold   . . .      Faith    .   c - +0 buckler
rNeg    . . .      Spirit   .   b - +1 scale mail
rPois   .          Reflect  .   (helmet unavailable)
rElec   .          Harm     .   (no cloak)
rCorr   .          Rampage  .   (no gloves)
Will    .....                   (no boots)
Stlth   ..........              (no amulet)
HPRegen 0.14/turn               (no ring)
MPRegen 0.09/turn               (no ring)

@: lethally poisoned (-3 -> -21)
A: permanent stasis, dig shafts and tunnels, antennae 3, four strong arms
a: Dig


You were in a sewer.
You visited 1 branch of the dungeon, and saw 3 of its levels.
You also visited: Sewer.

You collected 83 gold pieces.

Inventory:

Hand Weapons
 a - a +0 war axe (weapon)
Armour
 b - a +1 scale mail (worn)
 c - a +0 buckler (worn)
Jewellery
 e - a ring of flight
 o - a ring of wizardry
Wands
 n - a wand of paralysis (11)
Scrolls
 h - a scroll of enchant weapon
 i - a scroll of magic mapping
 j - a scroll of vulnerability
 k - a scroll of identify
Potions
 d - 2 potions of might
 g - a potion of ambrosia {unknown}
 l - a potion of flight {unknown}
 m - a potion of lignification {unknown}
 p - 2 potions of cancellation {unknown}
 q - a potion of magic {unknown}


   Skills:
 + Level 4.0 Fighting
 + Level 3.5 Axes
 + Level 4.4 Armour
 + Level 4.3 Shields


You had 4 spell levels left.
You didn't know any spells.
Your spell library contained the following spells:

 Spells                   Type           Power      Damage    Failure   Level
 Animate Dead             Necr           0%         N/A       100%        4
 Borgnjor's Vile Clutch   Necr/Erth      0%         N/A       100%        5
 Death Channel            Necr           0%         N/A       100%        6


Dungeon Overview and Level Annotations

Branches:
Dungeon (3/15)              Sewer (1/1)

Altars:
Gozag

Shops:
D:1 *


Innate Abilities, Weirdness & Mutations

You cannot be hasted, slowed, berserked, paralysed or teleported.
You can dig through walls and to a lower floor.
You have a pair of large antennae on your head. (SInv)
Your four strong arms can wield two-handed weapons with a shield.


Message History

The water moccasin bites you.
You slash the water moccasin!
The water moccasin is severely wounded.
The water moccasin closely misses you.
You miss the water moccasin.
The water moccasin is severely wounded.
The water moccasin bites you. The water moccasin barely misses you.
You closely miss the water moccasin.
The water moccasin is severely wounded.
The water moccasin bites you but does no damage.
You block the water moccasin's attack.
You hit the water moccasin but do no damage.
The water moccasin is severely wounded.
The water moccasin bites you.
You are poisoned.
The water moccasin poisons you! The water moccasin closely misses you.
You closely miss the water moccasin.
The water moccasin is severely wounded.
You feel very sick. The water moccasin bites you!
The water moccasin barely misses you.
You are too injured to fight recklessly!
You are too injured to fight recklessly!
You are too injured to fight recklessly!
You are too injured to fight recklessly!
You are too injured to fight recklessly!
You are too injured to fight recklessly!
You are too injured to fight recklessly!
You are too injured to fight recklessly!
You are too injured to fight recklessly!
You hit the water moccasin.
The water moccasin is severely wounded.
You feel sick. The water moccasin bites you!
* * * LOW HITPOINT WARNING * * *
The water moccasin bites you!
* * * LOW HITPOINT WARNING * * *
You are more poisoned.
The water moccasin poisons you!
You miss the water moccasin.
The water moccasin is severely wounded.
You die...

#.# ####### #.#
##.....## #.#
#...≈...## #.#
...≈≈≈...#######.#
∩.≈≈≈≈≈..........#
..†≈≈≈...#######.#
#...≈...## #.#
##.....## #@#
####### #S# ...
..... .......
#.......#
#.......#
#..$?$..#


You could see a water moccasin.

Vanquished Creatures
  Jessica (D:2)
  4 gnolls (D:2)
  3 adders (D:3)
  A worm (D:2)
  2 dart slugs (D:3)
  6 bats
  5 endoplasms
  3 giant cockroaches
  7 goblins
  5 hobgoblins
  A quokka (D:2)
  9 ball pythons
  3 frilled lizards
  2 kobolds (D:1)
  2 rats (D:1)
54 creatures vanquished.

Notes
Turn   | Place    | Note
-------+----------+-------------------------------------------
     0 | D:1      | ytrimaz the Formicid Fighter began the quest for the Orb.
     0 | D:1      | Reached XP level 1. HP: 18/18 MP: 1/1
   377 | D:1      | Found Dac Wosk's General Store.
   396 | D:1      | Reached XP level 2. HP: 24/24 MP: 2/2
   905 | D:1      | Reached XP level 3. HP: 29/29 MP: 3/3
  1204 | D:2      | Reached XP level 4. HP: 27/37 MP: 4/4
  1283 | D:2      | Found an opulent altar of Gozag.
  1534 | D:2      | Noticed Jessica
  1539 | D:2      | Killed Jessica
  1540 | D:2      | Reached XP level 5. HP: 42/42 MP: 5/5
  2120 | D:3      | Found a glowing drain.
  2473 | Sewer    | Entered a sewer
  2516 | Sewer    | Noticed a water moccasin
  2529 | Sewer    | Succumbed to a water moccasin's poison

Illustrated notes

Levels and vault maps discovered:
D:1:      amcnicky_arrival_flooded_fountain, layout_loops_corners, serial_shops,
          shop
D:2:      layout_rooms, basic_altar, minmay_tetromino_s4, uniq_jessica
D:3:      layout_loops_cross, gup_sewer_entry_glass,
          shapermc_ecumenical_altar_mp_urbaneastern
Sewer:    sewer_big_baddie

Skill      XL: |  1  2  3  4 |
---------------+-------------+-----
Shields        | 4 |  4.3
Armour         | 4 |  4.4
Fighting       | 4 |  4.0
Axes           | 3 |  3.5

Action                   |  1- 3 |  4- 6 || total
-------------------------+-------+-------++-------
Melee: War axe           |    55 |   110 ||   165
  Use: Scroll            |     3 |     4 ||     7
       Potion            |       |     1 ||     1
Armor: Scale mail        |    23 |    93 ||   116
Dodge: Dodged            |    17 |    73 ||    90
Block: Buckler           |    20 |    37 ||    57

Table legend: (Time is in decaauts)
 A = Elapsed time spent in this place.
 B = Non-inter-level travel time spent in this place.
 C = Inter-level travel time spent in this place.
 D = Time resting spent in this place.
 E = Time spent auto-exploring this place.
 F = Levels seen in this place.
 G = Mean time per level.
                   A        B        C        D        E       F      G
               +--------+--------+--------+--------+--------+-----+--------+
         Total |   2593 |   2530 |     63 |      0 |   1978 |   4 |  648.2 |
       Dungeon |   2530 |   2467 |     63 |      0 |   1962 |   3 |  843.3 |
         Sewer |     63 |     63 |      0 |      0 |     16 |   1 |   63.0 |
               +--------+--------+--------+--------+--------+-----+--------+

Top non-repeatable levels by time:
     D:1: 1190 daAuts
     D:2: 768 daAuts
     D:3: 570 daAuts
   Sewer: 63 daAuts
